 Dungeon Crawl Stone Soup version 0.24-a0-235-g3f03afc (webtiles) character file.

Game seed: 1962077201431062403

9 MatthieuS the Grave Robber (level 2, 0/19 HPs)
             Began as a Demonspawn Necromancer on Apr 5, 2019.
             Slain by a leopard gecko (3 damage)
             ... on level 1 of the Dungeon.
             The game lasted 00:01:14 (784 turns).

MatthieuS the Grave Robber (Demonspawn Necromancer)  Turns: 784, Time: 00:01:14

Health: 0/19       AC:  2    Str:  8    XL:     2   Next: 6%
Magic:  4/5        EV: 12    Int: 16    God:
Gold:   33         SH:  0    Dex: 13    Spells: 3/5 levels left

rFire    . . .     SeeInvis .   b - +0 spear
rCold    . . .     Gourm    .   (no shield)
rNeg     . . .     Faith    .   a - +0 robe
rPois    .         Spirit   .   (no helmet)
rElec    .         Reflect  .   (no cloak)
rCorr    .         Harm     .   (no gloves)
MR       .....                  (no boots)
Stlth    ++........             (no amulet)
HPRegen  0.06/turn              (no ring)
MPRegen  0.09/turn              (no ring)

@: no status effects
A: powered by death 1
a: no special abilities


You were on level 1 of the Dungeon.
You were not hungry.

You visited 1 branch of the dungeon, and saw 1 of its levels.

You collected 33 gold pieces.

Inventory:

Hand Weapons
 b - a +0 spear (weapon)
   (You found it on level 1 of the Dungeon)
Armour
 a - a +0 robe (worn)
Scrolls
 c - a scroll of identify {unknown}
Potions
 f - a potion of resistance {unknown}
Comestibles
 d - a chunk of flesh
 e - 2 rations


   Skills:
 - Level 1.7 Dodging
 - Level 1.7 Stealth
 + Level 2.3 Spellcasting
 + Level 4.6 Necromancy


You had 3 spell levels left.
You knew the following spells:

 Your Spells              Type           Power        Failure   Level  Hunger
a - Pain                  Necr           ###.         3%          1    #......
z - Animate Skeleton      Necr           N/A          3%          1    #......

Your spell library contained the following spells:

 Spells                   Type           Power        Failure   Level  Hunger
 Vampiric Draining        Necr           ###.......   9%          3    ###....
 Regeneration             Chrm/Necr      #.........   22%         3    ###....
 Animate Dead             Necr           N/A          28%         4    #####..


Dungeon Overview and Level Annotations

Branches:
Dungeon (1/15)

Altars:


Innate Abilities, Weirdness & Mutations

You regenerate a little health from kills.


Message History

The helpless kobold fails to defend itself.
You hit the kobold.
The kobold throws a stone.
The stone closely misses you.
Attack whom?
Aim: a kobold, wielding a +0 short sword (moderately wounded)
You reach to attack!
You completely miss the kobold.
The kobold throws a stone.
The stone barely misses you.
Attack whom?
Aim: a kobold, wielding a +0 short sword (moderately wounded)
You reach to attack!
You closely miss the kobold. You hit the kobold.
You kill the kobold!
You have reached level 2!
Your demonic ancestry asserts itself...
A wave of death washes over you.
You see here a +0 short sword.
A leopard gecko comes into view.
A leopard gecko is nearby!
A ball python comes into view.
Found a club.
The leopard gecko hisses angrily.
You miss the leopard gecko. The leopard gecko barely misses you.
The ball python bites you but does no damage.
The ball python grabs you. The ball python constricts you.
You closely miss the ball python.
The leopard gecko bites you but does no damage.
The ball python barely misses you. The ball python constricts you.
You hit the ball python. The leopard gecko bites you.
The ball python bites you but does no damage.
The ball python constricts you. The leopard gecko barely misses you.
The ball python bites you but does no damage.
The ball python constricts you.
You hit the ball python.
You kill the ball python!
The leopard gecko bites you.
* * * LOW HITPOINT WARNING * * *
You barely miss the leopard gecko. The leopard gecko barely misses you.
You closely miss the leopard gecko.
The leopard gecko closely misses you. x2
You closely miss the leopard gecko. The leopard gecko bites you.
You hit the leopard gecko. The leopard gecko bites you.
* * * LOW HITPOINT WARNING * * *
You hit the leopard gecko. The leopard gecko barely misses you.
The leopard gecko bites you.
* * * LOW HITPOINT WARNING * * *
The leopard gecko closely misses you. The leopard gecko barely misses you.
You see here 2 stones.
Aim: a leopard gecko (severely wounded, clinging, chance to defeat MR: 87%)
The leopard gecko barely resists.
The leopard gecko closely misses you. The leopard gecko bites you.
You die...

..# #..#####..#...# #...# # ..##
##.......##..####...# # ...# .
####.####...# #....##### .†.#
....##'##....## #......... ...##
#...........## ##......... ....##
###.......### ##..........
.....#################......##.#.
........###########............#.
............(..l@...........#.##.
..........#......................
#########.#)#####....######.#.###
#.....# #.##.............
#.##..### #.##.############
#.##....# #.##.#.###### #.##..###
#.##.#......# #.###>#
#.##.#.####.# #.# ###
#.......###.#####


You could see a leopard gecko.

Vanquished Creatures
  A ball python (D:1)
  A bat (D:1)
  2 hobgoblins (D:1)
  2 frilled lizards (D:1)
  3 kobolds (D:1)
  A rat (D:1)
10 creatures vanquished.

Notes
Turn   | Place    | Note
-------+----------+-------------------------------------------
     0 | D:1      | MatthieuS the Demonspawn Necromancer began the quest for
                  | the Orb.
     0 | D:1      | Reached XP level 1. HP: 13/13 MP: 3/3
    91 | D:1      | Learned a level 1 spell: Animate Skeleton
   740 | D:1      | Gained mutation: You regenerate a little health from kills.
                  | [demonic ancestry]
   740 | D:1      | Reached XP level 2. HP: 19/19 MP: 5/5
   784 | D:1      | Slain by a leopard gecko

Levels and vault maps discovered:
D:1:      dpeg_arrival_concentric_ovals, layout_basic,
          chequers_serial_rivers_large_a, serial_bayou_pond_d

Action                   || total
-------------------------++-------
Melee: Spear             ||    44
 Cast: Pain              ||     4
 Stab: Sleeping          ||     2
Armor: Robe              ||     8
Dodge: Dodged            ||    27

Table legend:
 A = Non-vault XP
 B = Vault XP
 C = Vault XP percentage of total XP
 D = Non-vault monster count
 E = Vault monster count
 F = Vault count percentage of total count
                 A         B        C        D         E       F
            +---------+---------+-------+---------+---------+-------
      Total |      14 |       0 |   0.0 |      10 |       0 |   0.0
            +---------+---------+-------+---------+---------+-------
        D:1 |      14 |       0 |   0.0 |      10 |       0 |   0.0
            +---------+---------+-------+---------+---------+-------
